 Dungeon Crawl Stone Soup version 0.22.0-27-ga576289 (webtiles) character file.

774 iamserjio the Ruffian (level 7, -1/66 HPs)
             Began as a Troll Fighter on Aug 22, 2018.
             Killed from afar by an orc wizard (6 damage)
             ... with a magic dart
             ... on level 6 of the Dungeon.
             The game lasted 00:05:35 (737 turns).

iamserjio the Ruffian (Troll Fighter)                Turns: 737, Time: 00:05:36

Health: -1/66      AC:  5    Str: 25    XL:     7   Next: 53%
Magic:  6/6        EV:  9    Int:  6    God:
Gold:   131        SH:  9    Dex:  9    Spells: 6/6 levels left

rFire    . . .     SeeInvis .     - Unarmed
rCold    . . .     Gourm    +   b - +0 shield
rNeg     . . .     Faith    .   a - +0 robe
rPois    .         Spirit   .   (helmet restricted)
rElec    .         Reflect  .   (no cloak)
rCorr    .         Harm     .   (gloves unavailable)
MR       +....                  (boots unavailable)
Stlth    +.........             (no amulet)
HPRegen  0.61/turn              m - ring of protection from magic
MPRegen  0.10/turn              (no ring)

@: no status effects
A: large, unfitting armour, claws 3, fast metabolism 3, gourmand, regeneration
1, shaggy fur 1, tough skin 2
a: no special abilities


You were on level 6 of the Dungeon.
You were not hungry.

You visited 1 branch of the dungeon, and saw 6 of its levels.

You collected 191 gold pieces.
You spent 60 gold pieces at shops.

Inventory:

Armour
 a - a +0 robe (worn)
 b - a +0 shield (worn)
Jewellery
 i - an uncursed amulet of magic regeneration {unknown}
 m - a ring of protection from magic (left claw)
Wands
 n - a wand of disintegration (10)
 o - a wand of acid (6)
Scrolls
 e - a scroll of blinking
 g - a scroll of remove curse {@r2}
 k - a scroll of fog
 l - a scroll of amnesia
Potions
 c - a potion of haste {unknown}
 h - a potion of heal wounds {unknown}
 j - a potion of lignification {unknown}
Comestibles
 d - 7 rations
 f - 3 chunks of flesh


   Skills:
 - Level 2.4 Fighting
 - Level 2.4 Dodging
 + Level 4.7 Shields
 * Level 7.1 Unarmed Combat


You had 6 spell levels left.
You didn't know any spells.
Your spell library was empty.

Dungeon Overview and Level Annotations

Branches:
Dungeon (6/15)
 Temple: D:4-7

Altars:

Shops:
D:4 *


Innate Abilities, Weirdness & Mutations

You are too large for most types of armour.
You have claws for hands.
Your metabolism is lightning-fast.
You like to eat raw meat.
Your natural rate of healing is unusually fast.
You are covered in fur. (AC +1)
You have very tough skin. (AC +2)


Message History

The orc wizard hits you but does no damage.
You closely miss the orc warrior.
The orc warrior is almost dead.
The teleport trap disappears.
The orc wizard disappears!
The orc warrior hits you with a war axe!!
* * * LOW HITPOINT WARNING * * *
The orc wizard hits you with a dagger.
* * * LOW HITPOINT WARNING * * *
The orc hits you.
* * * LOW HITPOINT WARNING * * *
Evoke which item? (* to show all) (? for menu, Esc to quit)
Aiming: Corrosive Bolt
Press: ? - help, Shift-Dir - straight line, f/p - orc warrior
Aim: an orc warrior, wielding a war axe and wearing a chain mail (almost dead, covered in acid)
The bolt of acid hits the orc warrior.
The orc warrior is splashed with acid.
You kill the orc warrior!
Your Unarmed Combat skill increases to level 7!
The orc wizard points at you and mumbles some strange words.
The magic dart hits you!
You die...

###......#####...##
#.........#.....##
...#.....#.......#
##....#..###..#
#....#..# ##..#
#..ยง.#.## #..#
#....#.# #...
#...)..# .###
#..@o..# #
#......o..#
......####..#
.....# ..... ###..
.... #.. ... #. .#.


You could see an orc wizard and an orc.

Vanquished Creatures
  An orc warrior (D:6)
  A sky beast (D:6)
  A phantom (D:4)
  2 bullfrogs (D:4)
  A scorpion (D:5)
  A howler monkey (D:6)
  A centaur zombie (D:5)
  A crimson imp (D:5)
  A hound (D:4)
  4 worker ants
  A worker ant zombie (D:5)
  3 adders
  An adder skeleton (D:4)
  2 worms (D:3)
  2 leopard geckos (D:4)
  7 orcs
  2 bats (D:3)
  2 giant cockroaches (D:3)
  A hobgoblin (D:1)
  4 jackals (D:3)
  4 quokkas
  A quokka skeleton (D:4)
  4 rats
48 creatures vanquished.

Notes
Turn   | Place    | Note
-------+----------+-------------------------------------------
     0 | D:1      | iamserjio the Troll Fighter began the quest for the Orb.
     0 | D:1      | Reached XP level 1. HP: 22/22 MP: 0/0
    99 | D:3      | Noticed a worker ant
   105 | D:3      | Reached XP level 2. HP: 29/29 MP: 1/1
   116 | D:3      | Reached skill level 3 in Unarmed Combat
   116 | D:3      | Reached XP level 3. HP: 9/36 MP: 2/2
   220 | D:4      | Reached XP level 4. HP: 13/44 MP: 3/3
   241 | D:4      | Found Vufov's Assorted Antiques.
   244 | D:4      | Bought a fuming black potion for 18 gold pieces
   244 | D:4      | Bought a scroll labeled DAATE MAOMMUCS for 21 gold pieces
   252 | D:4      | Reached skill level 4 in Unarmed Combat
   350 | D:4      | Bought a scroll labeled LESIZY XISM for 21 gold pieces
   419 | D:4      | Reached XP level 5. HP: 50/50 MP: 4/4
   451 | D:4      | Reached skill level 5 in Unarmed Combat
   470 | D:4      | Reached XP level 6. HP: 31/59 MP: 5/5
   571 | D:5      | Entered Level 5 of the Dungeon
   593 | D:5      | Reached skill level 6 in Unarmed Combat
   617 | D:5      | Reached XP level 7. HP: 55/66 MP: 6/6
   737 | D:6      | Reached skill level 7 in Unarmed Combat
   737 | D:6      | Killed from afar by an orc wizard

Skill      XL: |  1  2  3  4  5  6  7 |
---------------+----------------------+-----
Unarmed Combat | 3 4 5 6 7 |  7.1
Shields        | 3 4 |  4.7
Fighting       | |  2.4
Dodging        | |  2.4

Action                   |  1- 3 |  4- 6 |  7- 9 || total
-------------------------+-------+-------+-------++-------
Melee: Unarmed           |    52 |    78 |    35 ||   165
Evoke: Wand              |       |       |     2 ||     2
  Use: Potion            |     1 |       |       ||     1
       Scroll            |       |     4 |       ||     4
 Stab: Sleeping          |       |     1 |       ||     1
  Eat: Chunk             |     2 |     6 |       ||     8
Armor: Robe              |    10 |    21 |    10 ||    41
Dodge: Dodged            |    23 |    22 |    11 ||    56
Block: Shield            |    24 |    35 |    15 ||    74
